 Dungeon Crawl Stone Soup version 0.28-a0-724-g66f9036eb4 (webtiles) character file.

Game seed: 8991139514248525403

116 GordonOverkill the Chopper (level 5, -7/60 HPs)
             Began as a Djinni Berserker on Oct 27, 2021.
             Was a Believer of Trog.
             Mangled by an ice beast (21 damage)
             ... on level 3 of the Dungeon.
             The game lasted 00:03:49 (3389 turns).

GordonOverkill the Chopper (Djinni Berserker)       Turns: 3389, Time: 00:03:50

Health: -7/60      AC:  8    Str: 17    XL:     5   Next: 21%
Gold:   88         EV:  7    Int:  8    God:    Trog [**....] SH:  0 Dex: 13

rFire   + + .      SeeInvis .   a - +0 hand axe
rCold   x . .      Faith    .   (no shield)
rNeg    . . .      Spirit   .   g - +0 chain mail
rPois   ∞          Reflect  .   (no helmet)
rElec   .          Harm     .   (no cloak)
rCorr   .          Rampage  .   (no gloves)
Will    .....                   (boots unavailable)
Stlth   ..........              (no amulet)
HPRegen 0.20/turn               (no ring)
MPRegen 0.00/turn               (no ring)

@: berserking (expiring), flying, very quick
A: sickness immunity, fire resistance 2, cold vulnerability 1, float, innate
caster, hp casting, extra vitality 1
a: Renounce Religion, Berserk, Trog's Hand


You were on level 3 of the Dungeon.
You worshipped Trog.
Trog was pleased with you.
You visited 1 branch of the dungeon, and saw 3 of its levels.

You collected 138 gold pieces.
You spent 50 gold pieces at shops.

Inventory:

Hand Weapons
 a - a +0 hand axe (weapon)
Armour
 g - a +0 chain mail (worn)
Scrolls
 c - a scroll of noise {unknown}
 d - a scroll of teleportation
 f - a scroll of amnesia {unknown}
 i - a scroll of enchant weapon {unknown}
 j - a scroll of fear {unknown}
 k - a scroll of enchant armour {unknown}
 l - a scroll of immolation {unknown}
 m - a scroll of identify {unknown}
Potions
 b - a potion of heal wounds
 e - a potion of flight {unknown}
 h - a potion of mutation {unknown}


   Skills:
 - Level 3.0 Fighting
 + Level 4.5 Axes
 - Level 2.0 Armour
 - Level 2.1 Dodging


You had one spell level left.
You knew the following spells:

 Your Spells              Type           Power      Damage    Failure   Level
a - Apportation           Tloc           0%         N/A       100%        1
b - Call Imp              Summ           0%         N/A       100%        2
Your spell library was empty.


Dungeon Overview and Level Annotations

Branches:
Dungeon (3/15)

Altars:

Shops:
D:2 !


Innate Abilities, Weirdness & Mutations

You are immune to sickness and miasma.
You are immune to poison.
Your flesh is very heat resistant. (rF++)
You are vulnerable to cold. (rC-)
You float through the air rather than walking.
You learn spells naturally, not from books.
Your magical power is your life essence.
You have superior vitality. (+4 HP)


Message History

A goblin comes into view. It is wielding a +0 dagger.
The goblin shouts!
An ice beast comes into view.
You hit the goblin.
You kill the goblin!
Trog accepts your kill.
Found a stone staircase leading down.
Things that are here:
a +0 dagger; a goblin corpse You hit the ice beast.
The ice beast is lightly wounded.
The ice beast hits you. The ice beast freezes you!!
You feel a terrible chill!
Ouch! That really hurt!
* * * LOW HITPOINT WARNING * * *
You are too injured to fight recklessly!
You are too injured to fight recklessly!
A red film seems to cover your vision as you go berserk!
You feel yourself moving faster!
You feel mighty! The ice beast hits you.
* * * LOW HITPOINT WARNING * * *
The ice beast freezes you!
You feel a terrible chill!
* * * LOW HITPOINT WARNING * * *
You barely miss the ice beast.
The ice beast is lightly wounded.
The ice beast closely misses you.
You closely miss the ice beast.
The ice beast is lightly wounded.
You slash the ice beast!
The ice beast is heavily wounded.
The ice beast barely misses you.
You hit the ice beast.
The ice beast is severely wounded.
The ice beast hits you but does no damage.
You hit the ice beast.
The ice beast is almost dead.
You completely miss the ice beast.
The ice beast is almost dead.
The ice beast hits you.
* * * LOW HITPOINT WARNING * * *
The ice beast freezes you!!
You feel a terrible chill!
You die...

##
##.#.......#
..##.#.#######
# #.#.......#
#.##.#....##.#
#.......#.# #
####......#
###..###
#..####.#
#@......#
#Y..#####
#...# #...#
#...# < .....
#. ...... ..
>......


You could see an ice beast.

Vanquished Creatures
  4 gnolls (D:2)
  3 adders (D:2)
  A dart slug (D:1)
  7 endoplasms
  2 giant cockroaches (D:1)
  5 goblins
  4 hobgoblins
  3 kobolds
  2 quokkas
  5 ball pythons
  3 bats
  4 frilled lizards
  6 rats (D:1)
49 creatures vanquished.

Notes
Turn   | Place    | Note
-------+----------+-------------------------------------------
     0 | D:1      | GordonOverkill the Djinni Berserker began the quest for the
                  | Orb.
     0 | D:1      | Reached XP level 1. HP: 20/20 MP: 0/0
   484 | D:1      | Reached XP level 2. HP: 25/25 MP: 0/0
   592 | D:1      | Reached skill level 3 in Axes
  1146 | D:1      | Reached XP level 3. HP: 26/30 MP: 0/0
  1146 | D:1      | Learned a level 1 spell: Apportation
  1799 | D:1      | Reached ** piety under Trog
  2068 | D:1      | You are sucked into a shaft and drop 1 floor!
  2068 | D:2      | Found Ucaollin's Distillery.
  2071 | D:2      | Bought a potion of heal wounds for 50 gold pieces
  2136 | D:2      | Reached XP level 4. HP: 35/35 MP: 0/0
  2218 | D:2      | Reached skill level 4 in Axes
  2520 | D:2      | Reached XP level 5. HP: 31/40 MP: 0/0
  2520 | D:2      | Learned a level 2 spell: Call Imp
  3135 | D:2      | Found a faded altar of an unknown god.
  3135 | D:2      | Noticed a smoke demon
  3378 | D:3      | Noticed an ice beast
  3389 | D:3      | Mangled by an ice beast

Illustrated notes

Levels and vault maps discovered:
D:1:      lemuel_arrival_cross, layout_basic, minivault_26
D:2:      layout_loops_cross, dreamdust_ecumenical_altar_sealed_demon,
          serial_shops, shop, minmay_crystal_water
D:3:      layout_loops_cross, grunt_decor_mini_mirrors

Skill      XL: |  1  2  3  4 |
---------------+-------------+-----
Axes           | 3 4 |  4.5
Fighting       | |  3.0
Armour         | |  2.0
Dodging        | |  2.1

Action                   |  1- 3 |  4- 6 || total
-------------------------+-------+-------++-------
Melee: Hand axe          |    72 |    42 ||   114
Invok: Berserk           |    12 |     3 ||    15
  Use: Scroll            |       |     1 ||     1
Armor: Animal skin       |     7 |       ||     7
       Chain mail        |     5 |    20 ||    25
Dodge: Dodged            |    35 |    23 ||    58

Table legend: (Time is in decaauts)
 A = Elapsed time spent in this place.
 B = Non-inter-level travel time spent in this place.
 C = Inter-level travel time spent in this place.
 D = Time resting spent in this place.
 E = Time spent auto-exploring this place.
 F = Levels seen in this place.
 G = Mean time per level.
                   A        B        C        D        E       F      G
               +--------+--------+--------+--------+--------+-----+--------+
         Total |   3529 |   3419 |    110 |   1749 |   1178 |   3 | 1176.3 |
       Dungeon |   3529 |   3419 |    110 |   1749 |   1178 |   3 | 1176.3 |
               +--------+--------+--------+--------+--------+-----+--------+

Top non-repeatable levels by time:
     D:1: 2182 daAuts
     D:2: 1261 daAuts
     D:3: 85 daAuts
